 Dungeon Crawl Stone Soup version 0.31-a0-496-g6f97920a28 (webtiles) character file.

Game seed: 11909604279943290749

21 jasper the Changeling (level 2, -2/14 HPs)
             Began as a Spriggan Shapeshifter on Aug 8, 2023.
             Slain by a quokka (4 damage)
             ... on level 1 of the Dungeon.
             The game lasted 00:01:12 (343 turns).

jasper the Changeling (Spriggan Shapeshifter)        Turns: 343, Time: 00:01:12

Health: -2/14      AC:  2    Str: 11    XL:     2   Next: 65%
Magic:  3/3        EV: 17    Int:  9    God:
Gold:   10         SH:  0    Dex: 15    Spells: 1/1 levels left

rFire   . .          .
                       - Unarmed
rCold   . . .        (no shield)
rNeg    . . .        a - +0 animal skin
rPois   .            (helmet currently unavailable)
rElec   .            (cloak currently unavailable)
rCorr   .            (gloves unavailable)
SInv    +            (boots unavailable)
Will    .....        (no amulet)
Stlth   ++           h - ring of flight
HPRegen 0.22/turn    (no ring)
MPRegen 0.08/turn

%: no passive effects
@: beast-form, flying, very quick
A: beast (slay +2), very small, no large weapons, unfitting armour, see
invisible, speed 3
a: Begin Untransformation


You were on level 1 of the Dungeon.
You were a hulking beast.
You visited 1 branch of the dungeon, and saw 1 of its levels.

You collected 30 gold pieces.
You spent 20 gold pieces at shops.

Inventory:

Hand Weapons
 f - a +0 whip
Missiles
 g - a stone
Armour
 a - a +0 animal skin (worn)
Jewellery
 h - a ring of flight (left hand)
Talismans
 c - a beast talisman (active)
 d - a flux talisman
Scrolls
 e - a scroll of silence
Potions
 b - a potion of lignification


   Skills:
 + Level 1.2 Fighting
 + Level 3.2 Dodging
 + Level 1.8 Stealth
 - Level 2.4 Unarmed Combat
 + Level 4.2 Shapeshifting


You had one spell level left.
You didn't know any spells.
Your spell library was empty.

Dungeon Overview and Level Annotations

Branches:
Dungeon (1/15)

Altars:

Shops:
D:1 ?


Innate Abilities, Weirdness & Mutations

You are a hulking beast.
Your limbs bulge with bestial killing power. (Slay +2)
You are very small and have problems with some larger weapons.
You are too small for most types of armour.
You have supernaturally acute eyesight. (SInv)
You cover ground extremely quickly. (Speed+++)


Message History

A kobold comes into view. It is wielding a +0 short sword.
The kobold shouts!
You hear a shout!
The kobold hits you with a +0 short sword.
You take 4 damage, and have 10/14 hp.
MASSIVE DAMAGE!!
You closely miss the kobold.
The kobold hits you with a +0 short sword.
A kobold comes into view. It is wielding a +0 short sword.
You take 1 damage, and have 9/14 hp.
You barely miss the kobold. The kobold closely misses you.
You closely miss the kobold. The kobold barely misses you.
You hit the kobold.
You kill the kobold!
Things that are here:
a +0 short sword; 3 stones; a kobold corpse A quokka comes into view.
You hit the kobold.
The kobold is severely wounded.
The kobold hits you with a +0 short sword.
The quokka barely misses you.
You take 3 damage, and have 7/14 hp.
MASSIVE DAMAGE!!
You closely miss the kobold.
The kobold is severely wounded.
The quokka misses you. The kobold barely misses you.
You hit the kobold.
You kill the kobold!
The quokka bites you.
You take 1 damage, and have 6/14 hp.
You hit the quokka.
The quokka is almost dead.
The quokka bites you but does no damage.
You barely miss the quokka.
The quokka is severely wounded.
The quokka bites you.
* * * LOW HITPOINT WARNING * * *
The quokka closely misses you.
You take 4 damage, and have 2/14 hp.
MASSIVE DAMAGE!!
You miss the quokka.
The quokka is severely wounded.
The quokka bites you.
You die...

..##.# ###... #.....
#.#... ###.##.# #.....
#...##.######.#...
#..##.#......#...
#..∩.#.######... #
###....#.....##...
#.#)#..#.#####.##...
####rh##....####.##...
#...)....##......#####
..........########......
..........# #....##
##.######## ####... #.
### #


You could see a quokka.

Vanquished Creatures
  A dart slug (D:1)
  2 bats (D:1)
  2 goblins (D:1)
  3 hobgoblins (D:1)
  3 jackals (D:1)
  4 kobolds (D:1)
  A quokka (D:1)
  A ball python (D:1)
17 creatures vanquished.

Notes
Turn   | Place    | Note
-------+----------+-------------------------------------------
     0 | D:1      | jasper the Spriggan Shapeshifter began the quest for the
                  | Orb.
     0 | D:1      | Reached XP level 1. HP: 9/9 MP: 2/2
    90 | D:1      | Reached skill level 1 in Fighting
    90 | D:1      | Reached skill level 1 in Stealth
   110 | D:1      | Reached XP level 2. HP: 14/14 MP: 3/3
   318 | D:1      | Found Bybryub's Magic Scroll Emporium.
   323 | D:1      | Bought a scroll of identify for 20 gold pieces
   343 | D:1      | Slain by a quokka

Illustrated notes

Levels and vault maps discovered:
D:1:      spicycebolla_green_bress_n_ham_2, layout_basic,
          hellmonk_ecumenical_altar_blasted, serial_shops, shop,
          minmay_octomino_j4

Skill      XL: |  1 |
---------------+----+-----
Fighting       | 1 |  1.2
Stealth        | 1 |  1.8
Dodging        | 3 |  3.2
Unarmed Combat | |  2.4
Shapeshifting  | |  4.2

Action                     || total
---------------------------++-------
  Melee: Unarmed           ||    54
    Use: Scroll            ||     1
 Armour: Animal skin       ||     3
  Dodge: Dodged            ||    43

Table legend: (Time is in decaauts)
 A = Elapsed time spent in this place.
 B = Non-inter-level travel time spent in this place.
 C = Inter-level travel time spent in this place.
 D = Time resting spent in this place.
 E = Time spent auto-exploring this place.
 F = Levels seen in this place.
 G = Mean time per level.
                   A        B        C        D        E       F      G
               +--------+--------+--------+--------+--------+-----+--------+
         Total |    246 |    246 |      0 |     15 |    102 |   1 |  246.0 |
       Dungeon |    246 |    246 |      0 |     15 |    102 |   1 |  246.0 |
               +--------+--------+--------+--------+--------+-----+--------+

Top non-repeatable levels by time:
     D:1: 246 daAuts
